[Event "Corus"]
[Site "Wijk aan Zee"]
[Date "2009.01.31"]
[Round "12"]
[White "Movsesian, Sergei"]
[Black "Radjabov, Teimour"]
[Result "1/2-1/2"]
[ECO "B30"]
[WhiteElo "2751"]
[BlackElo "2761"]
[Annotator "CB"]
[PlyCount "53"]
[EventDate "2009.01.17"]
[EventType "tourn"]
[EventRounds "13"]
[EventCountry "NED"]
[EventCategory "19"]
[SourceTitle "CBM 129"]
[Source "ChessBase"]
[SourceDate "2009.03.25"]
[SourceVersion "1"]
[SourceVersionDate "2009.03.25"]
[SourceQuality "1"]
[TimeControl "7200"]

1. e4 c5 2. Nf3 Nc6 3. Bb5 e6 (3... g6 {is more popular.}) 4. O-O Nge7 {
The classical idea - Black is ready to replace on knight on c6 with the other.
But White does not want to exchange on c6 too early, and before Black has
spent a tempo on a7-a6.} 5. Nc3 ({Going for quick development. He could also
prepare a retreat for the bishop by 5.Re1. In Adams-Radjabov, Dresden Olympiad
2008, White tried} 5. b3 Nd4 6. Nxd4 cxd4 7. Ba3 {'!?'} a6 8. Bd3 d6 9. c3 dxc3
10. Nxc3 Nc6 11. Ne2 Be7 12. Bc2 d5 13. Bxe7 Nxe7 14. d4 Bd7 15. Nf4 dxe4 16.
Bxe4 Bc6 {and Black had equalised.}) 5... Nd4 ({In the event of} 5... a6 {
White can open the centre by} 6. Bxc6 Nxc6 7. d4 cxd4 8. Nxd4 {for example,}
Qc7 9. Re1 Bd6 10. Nxc6 dxc6 11. f4 e5 12. f5 Qe7 13. a4 a5 14. Be3 O-O 15. Qd2
Bc5 16. Rad1 {with some advantage to White (Lahno-Cmilyte Plovdiv 2008)}) 6.
Nxd4 cxd4 7. Ne2 {The pawn on d4 is cut off from its base. Defending it by
e6-e5 is unfavourable, since this gives White new objects of attack and
weakens the light squares.} a6 ({A useful interpolation. In
Rublevsky-PengXiang, Poikovsky 2007, after} 7... Nc6 8. c3 Bc5 9. b4 Bb6 10. a4
a6 11. Bxc6 {'!'} dxc6 12. a5 Ba7 13. cxd4 Bxd4 14. Nxd4 Qxd4 15. Qc2 {'!'}
Qxa1 16. Bb2 Qxf1+ 17. Kxf1 O-O 18. g4 $1 {an unusual aterial balance arose.
The white queen turned out to be stronger and more effective than the passive
black rooks.}) 8. Ba4 Nc6 {Now taking on c6 is psychologically very difficult,
after a tempo has already been spent retreating the bishop to a4.} 9. d3 ({
After} 9. Bxc6 dxc6 {the queen takes over from the knight, as defender of the
d4 pawn.}) ({whilst} 9. c3 {is not good without the bishop on b5, because of}
d3 10. Nf4 b5 11. Bb3 Ne5) 9... b5 ({After} 9... Bc5 {in the game
Sutovsky-Nataf, Esbjerg 2001, White managed to overcome his psychological
resistance:} 10. Bxc6 {'!?'} dxc6 11. Ng3 h5 (11... Bd6 $142 $1 {'!'}) 12. e5 {
'!'} Qd5 13. Re1 Bb4 14. Re4 g6 15. Ne2 {'!'} Bc5 16. h4 b5 17. Bg5 {and
developed a strong initiative on the dark squares.}) 10. Bb3 Bc5 {Now the pawn
on d4 is defended very solidly, but it no longer interests White.} 11. f4 {
A natural and strong attacking plan. White has a nice space advantage on the
kingside, by occupying which, he comes nearer to the black king.} Qh4 {A sharp
reaction. The black king stays in the centre. In some circumstances, this can
be so for a long time. But then it can flee to whichever wing it feels safest
on.} ({How dangerous White's attack can be was shown by the following game:} 
11... g6 12. f5 $1 Bb7 13. Nf4 Na5 14. Qg4 Nxb3 15. axb3 Qc7 16. Qh4 {'!'} Be7
17. f6 Bd6 18. Nxg6 {'!!'} Rg8 (18... fxg6 19. f7+ Kf8 20. Bh6# {'!'}) 19. Ne7
Bxe7 20. fxe7 Qe5 21. Qxh7 Qg7 22. Qxg7 Rxg7 23. Bf4 {and White realised her
advantage without difficulty (Kovalevskaya-Cmilyte Halle 2000)}) {A modest
development, but maybe the prelude to aggression. Also a novelty!} 12. Bd2 ({
The source game went} 12. Ng3 Bb7 13. Qh5 Be7 14. f5 g6 15. Qxh4 Bxh4 16. Bh6 (
{Stronger is} 16. fxe6 $1 dxe6 17. Bh6 {with some chances of success.}) 16...
Bxg3 17. hxg3 gxf5 {'!'} 18. exf5 Rg8 19. fxe6 dxe6 20. Bf4 O-O-O {and Black
achieved a full equal game Westerinen-Gausel, Gentofte 1999 1999.}) 12... Bb7 {
As predicted, Black opens a path for His Majesty in both directions.} 13. Kh1 {
With his typical modest approach, Movsesian shows his opponent that he is not
ready to attack, but simply strengthens his position and waits. In Radjabov's
shoes, I would not be fooled. The move Kh1 is certainly prophylactic. The
x-ray from the bishop on c5 is not pleasant, and he can never play c2-c3
without moving the king into the corner first. On the other hand, White also
obtains a new route for activating his knight: Ne2-g1-f3! Then the enemy queen
on h4 proves awkwardly placed, and must lose a tempo.} ({It is interesting to
analyze the sharp} 13. f5 {'!?'} Bd6 $1 (13... Ne5 14. Rf4 Qh5 15. Qe1 {
is very dangerous}) 14. Nf4 g6 15. g3 Qe7 $1 (15... Qd8 {allows} 16. fxe6 dxe6
17. Nh5 $1 {with the idea of} gxh5 18. Rxf7 $1 Kxf7 19. Qxh5+) 16. Nh3 {
with the idea of activating the bishop on d2.}) 13... Qe7 {If you cann ot see
a good decision, the best thing is to defer it. Wait and see...} 14. Qe1 ({
The war of nerves continues. I am a simlpe and straightforward fellow, so I
again looked at the direct} 14. f5 Bd6 15. Nf4 g6 16. Nh3 {'!'} gxf5 17. exf5
Ne5 18. Qh5 Rg8 19. Ng5 O-O-O 20. Rae1 {and despite the weakness of g2 (which
must never be forgotten), White's chances are better. After} h6 {there follows}
21. Ne4 $1) 14... g6 15. c3 {An important decision on principle. Sergey keeps
the move f4-f5 as a threat, which is stronger than its execution. The clasical
principle, of psychological pressure on the opponent! With the text move,
White opens the centre and creates pressure on the dark squares.} dxc3 ({
He cannot keep the tension for long anyway. On} 15... Rc8 {there follows} 16.
Rc1 {'!'}) 16. Bxc3 Bb4 ({Teimour seeks peace in exchanges. A sensible
decision. After} 16... O-O 17. f5 {the threats grow. '!'}) 17. d4 ({I think
Sergey avoided the continuation} 17. f5 $1 gxf5 18. exf5 {purely out of
general considerations, not wanting to expose the square g2. However, in my
analysis, White's trumps appear to outweigh Black's. For example} Rg8 ({on} 
18... h5 {there is the strong} 19. Nf4 {with the idea of} Rg8 20. Qe2 h4 21.
fxe6 dxe6 22. Nxe6 $1 fxe6 23. Bxe6 {with a fierce attack}) 19. Ng3 O-O-O 20.
a4 h5 21. axb5 axb5 22. Ne4 $1 ({too slow is} 22. Qe2 h4 23. Ne4 h3 $1 24. g3
Bxc3 25. bxc3 d5 26. f6 Qf8 27. Nf2 d4 $1 {etc}) 22... d5 23. Nf6 Rxg2 $1 (
23... Bxc3 24. Nxg8 $1) 24. Kxg2 Bxc3 25. bxc3 (25. Qxc3 d4) 25... Qxf6 26. d4
e5 27. Rd1 $1 {- White keeps the bishop on b7 under wraps and guarantees
himself a comfortable advantage.}) 17... Bxc3 18. Qxc3 ({The reply} 18. bxc3 {
leads to the creation of a weak pawn on c3, although it would not be easy for
Black to exploit this, given White's active pieces and Black's exposed king.
He risks not surviving to an ending.}) 18... Qb4 19. Qe3 Na5 20. d5 ({Stronger
seems} 20. f5 $1 {eg} gxf5 21. exf5 Rg8 22. Rf2 {and on} O-O-O {there is the
interesting retort} 23. d5 $1 {as a result of which Black is practically
forced to take on d5 with the pawn. He cannot keep his bishop alive because of}
Nxb3 24. axb3 Bxd5 $2 25. Qa7 $1 {followed by a rook check on c1.}) 20... O-O
21. Rad1 ({At the moment,} 21. f5 exf5 22. exf5 Rfe8 $1 {is premature, since
there is no attack with} 23. Qh6 $2 Rxe2 24. f6 {because of} Qf8 $1) 21... Rae8
({On} 21... exd5 {I regarded as promising the line} 22. Rd4 $5 Nc4 (22... Qe7
23. Bxd5 $1) 23. Bxc4 dxc4 24. f5 $1) ({But I have not managed to refute} 21...
Nxb3 $5 22. axb3 exd5) 22. Ng3 ({The artificial} 22. Rd4 Qc5 23. f5 exf5 24.
Rxf5 {does not even give White perpetual check:} Nxb3 25. axb3 f6 $1 {and only
Black will be able to attack now.}) 22... Nxb3 ({In the variation} 22... Nc4 {
White can change direction:} 23. Qa7 $1) 23. axb3 f5 24. Qa7 {The survival
instinct overcomes everything.} Bc8 ({White wins in embarassingly simple
fashion after} 24... Ba8 $2 {-} 25. dxe6 dxe6 26. Rd7 $1) 25. Qe3 Bb7 ({
White obtains a strong initiative after} 25... fxe4 26. Rd4 $1 Qe7 27. dxe6
dxe6 28. Rxe4) ({и} 25... exd5 26. Rxd5 fxe4 27. Rc1 $1) 26. Qa7 Bc8 27. Qe3
1/2-1/2